[Event "*** SCC Grand Prix: Titled Tuesday Blitz"]
[Site "Chess.com"]
[Date "2020.06.23"]
[Round "3"]
[White "LuckIsMySkill"]
[Black "Bigfish1995"]
[Result "0-1"]
[WhiteElo "2713"]
[BlackElo "3052"]
[TimeControl "180+1"]
[EndTime "10:30:29 PDT"]
[Termination "Bigfish1995 won by resignation"]

1. Nf3 d5 2. c4 e6 3. e3 Nf6 4.
b3 Be7 5. Bb2 O-O 6. g3 b6 7.
Bg2 Bb7 8. O-O c5 9. Ne5 Nbd7 10.
f4 Qc7 11. Qe2 Rad8 12. d3 dxc4 13. dxc4 Bxg2 14. Qxg2 Nxe5 15. Bxe5 Qc8 16. Nd2 Ng4 17. Qe2 Nxe5 18. fxe5 Qc7 19. Nf3 Rd7 20. Rfd1 Rfd8 21. Kf2 g6 22. Qc2 Bf8 23. Rxd7 Qxd7 24. Ke2 Bh6 25. g4 Bg7 26. Rd1 Qxd1+ 27. Qxd1 Rxd1 28.
Kxd1 h6 29. Kc2 Kf8 30. Kd3 Ke7 31. Ke4 Kd7 32. Kd3 Kc6 33. h3 a6 34. Ke4 Kd7 35.
a4 Kc6 36. Ne1 Bf8 37. Nc2 Be7 38. Kd3 Bh4 39. Ke4 Bg3 40. Na3 Be1 41. Nc2 Bc3 42. Na3 Kd7 43. Nc2 Ke7 44. h4 Kf8 45. Na3 Kg7 46. Nc2 h5 47. g5 Kf8 48. Kf4 Ke7 49.
Ke4 Kd7 50. Kf4 Kc6 51. Ke4 Bd2 52. Kf4 b5 53. cxb5+ axb5 54. Na3 bxa4 55. bxa4 Be1 56. Nb5 Bxh4 57. Na3 Be1 58. Nc4 Kd5 59. Nb6+ Kc6 60. Nc4 h4 61. Kg4 Kd5 62. Nd6 c4 63. Nb5 Kxe5 64. Na3 c3 65. Nc2 Bd2 66. a5 Kd5 67. a6 Kc6 68. Kxh4 Kb6 69. Kg4 Kxa6 70. Kf3 Kb5 71. Ke2 Kc4 72. Na3+ Kb3 73. Nb5 Kb2 74.
Kd3 c2 0-1

[Event "*** SCC Grand Prix: Titled Tuesday Blitz"]
[Site "Chess.com"]
[Date "2020.06.23"]
[Round "3"]
[White "Bazarov04"]
[Black "Bulldog167"]
[Result "0-1"]
[WhiteElo "2508"]
[BlackElo "2775"]
[TimeControl "180+1"]
[EndTime "10:30:29 PDT"]
[Termination "Bulldog167 won on time"]

1. d4 Nf6 2. Nf3 d5 3. Bg5 Qd6 4. Nbd2 Bf5 5. e3 e6 6. Be2 Be7 7. O-O O-O 8. c4 c6 9. a3 h6 10. Bf4 Qd8 11. Ne5 Nbd7 12. h3 Nxe5 13. Bxe5 a5 14.
Rc1 a4 15. Nf3 Ne4 16. Bd3 Nd6 17. Bxd6 Qxd6 18. Bxf5 exf5 19. cxd5 Qxd5 20. Qc2 Bd6 21. Qc4 Qa5 22. Rfd1 Rfe8 23. Qd3 Qd5 24. Nd2 b5 25.
Nb1 Rab8 26. Nc3 Qb3 27. Qc2 Qe6 28. Ne2 Rbc8 29. Qd3 g6 30. d5 cxd5 31. Qxb5 Rxc1 32. Rxc1 Rb8 33. Qxa4 Rxb2 34. Nd4 Qe4 35. Qd7 Bxa3 36. Rf1 f4 37. Qc8+ Bf8 38. Qc3 Rb8 39. exf4 Qxf4 40. g3 Qe4 41. Re1 Rb1 42. Rxb1 Qxb1+ 43. Kg2 Qe4+ 44. Nf3 Bg7 45. Qd2 d4 46. Qd1 g5 47.
Kf1 f5 48. Qb3+ Kh7 49. Nd2 Qh1+ 50. Ke2 Qxh3 51. Qe6 Qg4+ 52. f3 Qh3 53. g4 Qg2+ 54. Kd3 fxg4 55. Qf5+ Kh8 56. Qc8+ Kh7 57. Qf5+ Kg8 58.
Qc8+ Bf8 59. Qe6+ Kh8 60. Qe5+ Bg7 61. Qe8+ Kh7 62. Qe4+ Kg8 63. Qe6+ Kf8 64. Qf5+ Ke7 65.
Qc5+ Ke6 66. Qc6+ Kf7 67. Qd5+ Kg6 68. Qe4+ Kh5 69. Qe8+ Kh4 0-1

[Event "*** SCC Grand Prix: Titled Tuesday Blitz"]
[Site "Chess.com"]
[Date "2020.06.23"]
[Round "3"]
[White "Borsuk_Konstantin"]
[Black "killer311"]
[Result "0-1"]
[WhiteElo "2577"]
[BlackElo "2408"]
[TimeControl "180+1"]
[EndTime "10:30:30 PDT"]
[Termination "killer311 won on time"]

1. d4 d5 2. c4 c6 3. Nc3 Nf6 4. e3 e6 5. Nf3 Nbd7 6. Qc2 Bd6 7. Be2 O-O 8. O-O b6 9. cxd5 exd5 10. Bd3 Bb7 11. a3 Rc8 12. Bd2 Re8 13. Be1 c5 14. dxc5 Nxc5 15. Bf5 Rc6 16. Nd4 Rc7 17. Ncb5 Rce7 18.
Nxd6 Qxd6 19. Rd1 g6 20. Bh3 a6 21. b4 Nce4 22. g3 Ng5 23. Bg2 Rc8 24. Qb2 Rec7 25.
f3 Qe5 26. f4 Qxe3+ 27. Bf2 Qc3 28. Qxc3 Rxc3 29. fxg5 Ne4 30. a4 R8c4 31. a5 Nxf2 32. Rxf2 Rxb4 33. axb6 Rxb6 34. Rc2 Rxc2 35. Nxc2 Rb2 36.
Ne3 d4 37. Rxd4 Bxg2 38. Nxg2 a5 39. Ra4 Rb1+ 40. Kf2 Rb2+ 41. Kf3 Rb3+ 42. Ne3 Rb2 43. h4 Rb5 44. Nc4 Rb3+ 45. Kg4 Kg7 46. Nxa5 Rc3 47. Nb7 Rc7 48. Nd6 Rd7 49. Ne4 Re7 50. Nf6 h5+ 51.
Kh3 Re2 52. Ne4 Rc2 53. Nd6 Rd2 54. Nb5 Rb2 55. Nd4 Rf2 56. Ra7 Rd2 57. Nb5 Rb2 58.
Nc3 Rf2 59. Ne4 Re2 60. Ra4 Kg8 61. Nc3 Rc2 62. Nd5 Kg7 63. Nf4 Rd2 64. Ra3 Rc2 65. Rf3 Rd2 66. Rf1 Rc2 67. Rg1 Rd2 68. Rg2 Rd1 69.
g4 Rf1 70. Ne2 hxg4+ 71. Kxg4 Ra1 72. Nf4 Ra4 73. Re2 Rb4 74. Rc2 Ra4 75. Rc6 Rb4 76. Rf6 Ra4 77. h5 gxh5+ 78. Kxh5 Rb4 79. Ng2 Rb2 80. Nh4 Rh2 81. Rb6 Rh1 82. Rb7 Rf1 83. Kg4 Rg1+ 84. Kf4 Rf1+ 85. Nf3 Kg6 86. Rb6+ Kg7 87.
Rf6 Rf2 88. Kf5 Rxf3+ 89. Ke5 Rxf6 90. gxf6+ Kg6 91. Kf4 Kxf6 0-1

[Event "*** SCC Grand Prix: Titled Tuesday Blitz"]
[Site "Chess.com"]
[Date "2020.06.23"]
[Round "3"]
[White "Salem-AR"]
[Black "Firegrizzly"]
[Result "1-0"]
[WhiteElo "2920"]
[BlackElo "2575"]
[TimeControl "180+1"]
[EndTime "10:30:31 PDT"]
[Termination "Salem-AR won on time"]

1. d4 Nf6 2. c4 e6 3. Nf3 d5 4. g3 Bb4+ 5. Bd2 Be7 6. Bg2 c6 7. O-O O-O 8. Qc2 b6 9. Rd1 Ba6 10. b3 Nbd7 11. a4 Qc8 12. Na3 Qb7 13. Qb2 Rfc8 14.
Rac1 Ne4 15. Be1 b5 16. axb5 cxb5 17. c5 b4 18. Nb1 f5 19. e3 Bf6 20. Qa2 Rab8 21.
Rc2 g5 22. Qa4 Rc6 23. Bxb4 Bb5 24. Qa3 Ra6 25. Qb2 Bc6 26. Bf1 Bb5 27. Bxb5 Qxb5 28.
c6 Rxc6 29. Rxc6 Qxc6 30. Rc1 Qb6 31. Be1 Kf7 32. Nbd2 Nd6 33. h3 h5 34. Rc2 g4 35.
hxg4 hxg4 36. Ne5+ Nxe5 37. dxe5 Bg7 38. Nf1 Ne4 39.
Qc1 Kg6 40. Rc6 Qxb3 41. Rxe6+ Kf7 42. Qc6 Qb7 43. Qxb7+ Rxb7 44. Ra6 Bxe5 45. Nd2 Bb8 46. Nxe4 dxe4 47. Bc3 Rb6 48. Ra5 Kg6 49. Bd4 Rb1+ 50. Kg2 Rb7 51. Ra6+ Kg5 52. Bf6+ Kh5 53. Bd4 Kg5 54.
Kh2 Rh7+ 55. Kg1 Rh6 56. Ra5 Rc6 57. Kg2 a6 58. Rd5 Bc7 59. Rd7 a5 60. Rg7+ Kh6 61.
Rf7 Kg6 62. Rg7+ Kh6 63. Rf7 Kg6 64. Rf8 a4 65. Ra8 Rc4 66. Ra6+ Kg5 67. Bf6+ Kh5 68.
Bg7 f4 69. gxf4 1-0

[Event "*** SCC Grand Prix: Titled Tuesday Blitz"]
[Site "Chess.com"]
[Date "2020.06.23"]
[Round "3"]
[White "praveenb2002"]
[Black "Irishchessman16"]
[Result "1/2-1/2"]
[WhiteElo "2766"]
[BlackElo "2453"]
[TimeControl "180+1"]
[EndTime "10:30:34 PDT"]
[Termination "Game drawn - insufficient material"]

1. e4 c5 2. Nf3 Nc6 3. d4 cxd4 4. Nxd4 Nf6 5. Nc3 e5 6. Ndb5 d6 7. Bg5 a6 8. Na3 b5 9. Bxf6 gxf6 10. Nd5 Bg7 11. Bd3 O-O 12. O-O Ne7 13. Nxe7+ Qxe7 14. c4 f5 15. Qh5 f4 16. cxb5 d5 17. exd5 e4 18.
Rae1 f5 19. Nc4 Qc5 20. Be2 axb5 21. Nd2 Rxa2 22. Rc1 Qd4 23. Rfd1 Qxb2 24. Rb1 Qc2 25. Rbc1 Qa4 26. d6 Be6 27. Rc7 Qd4 28. Nf3 exf3 29.
Bxf3 Ra1 30. h3 Rxd1+ 31. Bxd1 Qxd6 32. Rb7 Rd8 33. Be2 f3 34. Bxf3 Qd4 35. Qg5 Qa1+ 36. Kh2 Qe5+ 37. g3 Rf8 38. Bc6 f4 39. Qxe5 Bxe5 40.
Rxb5 fxg3+ 41. fxg3 Bd6 42. Bg2 Rf6 43. Rb2 Kg7 44. Rd2 Be5 45. Rd3 Rg6 46. Re3 Kf6 47. Rf3+ Ke7 48. Re3 Bd6 49. h4 Rg4 50. Bh3 Rg6 51. h5 Rf6 52. Rxe6+ Rxe6 53. Bxe6 Kxe6 54. Kh3 Kf6 55. Kg2 Kg5 56. Kh1 Kxh5 57. Kg1 Kg4 58. Kh1 Kh3 59. Kg1 h5 60. Kh1 Be7 61. Kg1 Kg4 62. Kh1 Bc5 63. Kg2 Bd4 64. Kh1 Kf3 65.
Kh2 Kf2 66. Kh3 Kf3 67. Kh4 Bf2 68.
Kxh5 Bxg3 1/2-1/2

[Event "*** SCC Grand Prix: Titled Tuesday Blitz"]
[Site "Chess.com"]
[Date "2020.06.23"]
[Round "3"]
[White "Tooweak2slow03"]
[Black "Sanan_Sjugirov"]
[Result "0-1"]
[WhiteElo "2648"]
[BlackElo "2861"]
[TimeControl "180+1"]
[EndTime "10:30:35 PDT"]
[Termination "Sanan_Sjugirov won by resignation"]

1. e4 c6 2. Nf3 d5 3. Nc3 Bg4 4. h3 Bxf3 5. Qxf3 e6 6. d3 Nd7 7. Qg3 h5 8. Be2 h4 9. Qg5 Qxg5 10. Bxg5 Bb4 11. Bd2 Ngf6 12. Bf3 Ne5 13. a3 Ba5 14. b4 Nxf3+ 15. gxf3 Bc7 16. Rg1 g6 17. a4 Nh5 18.
b5 Kd7 19. Ne2 a6 20. Rb1 axb5 21. axb5 Ra2 22. Kd1 Rha8 23. Rg4 Ra1 24. Kc1 Bd8 25. bxc6+ bxc6 26. Bc3 Rxb1+ 27. Kxb1 Be7 28. f4 Nf6 29. Bxf6 Bxf6 30. Kc1 Ra1+ 31. Kd2 Rh1 32. Ng1 Rh2 33. Ke2 Bd4 34. exd5 Rxf2+ 35. Ke1 cxd5 36. f5 e5 37. Ne2 Be3 38. fxg6 fxg6 39. Rxg6 Rh2 40. Kf1 Rf2+ 41. Ke1 Rh2 42. Kf1 d4 43. Rg4 Rf2+ 44.
Ke1 Rf3 45. c4 Rxh3 46. Kd1 Rh1+ 47. Kc2 Rh2 48. Kd1 h3 49. Rh4 Rh1+ 50. Kc2 Rh2 51. Kd1 Kc6 52. Rh8 Kc5 53. Ng3 Rd2+ 54. Ke1 Rxd3 55. Ne4+ Kxc4 56. Rxh3 Ra3 57. Rh8 Ra1+ 58. Ke2 Ra2+ 59. Kf3 Ra1 60. Rc8+ Kd3 61. Nc5+ Kc2 62.
Ne4+ Kd1 63. Rh8 Ra3 64. Rh1+ Kc2 65. Rh2+ Kb3 66. Rh8 Bf4 67. Kg4 Kc2 68. Kf5 Kd3 69. Rh3+ Be3 70. Rh1 Ke2 71. Rh2+ Kd3 72. Rh8 Ra1 73.
Rb8 Rf1+ 0-1

[Event "*** SCC Grand Prix: Titled Tuesday Blitz"]
[Site "Chess.com"]
[Date "2020.06.23"]
[Round "3"]
[White "dopolian"]
[Black "dey2580"]
[Result "0-1"]
[WhiteElo "2358"]
[BlackElo "2550"]
[TimeControl "180+1"]
[EndTime "10:30:36 PDT"]
[Termination "dey2580 won by resignation"]

1. e4 d5 2. exd5 Qxd5 3. Nc3 Qd6 4. d4 Nf6 5. Nf3 a6 6. Bc4 b5 7. Bb3 c5 8. dxc5 Qxd1+ 9. Nxd1 e6 10. Be3 Bb7 11.
a4 Nbd7 12. axb5 axb5 13. Rxa8+ Bxa8 14. Nc3 Bxc5 15. Nxb5 Bxe3 16. fxe3 Ke7 17. O-O Nc5 18. Bc4 Rb8 19. Nfd4 Nfd7 20. Ra1 g6 21. Ra7 Be4 22. c3 e5 23. Nf3 Bd3 24. Bxd3 Nxd3 25. c4 f6 26. b3 Nc5 27. Nd2 e4 28. b4 Nd3 29.
Nxe4 Ke6 30. Ra6+ Ke5 31. Nd2 Nxb4 32. Ra5 Nc6 33. Ra6 Nb4 34. Ra7 Ke6 35. Nd4+ Kd6 36. Ne4+ Ke5 37. Rxd7 Kxe4 38. c5 Kxe3 39. c6 Nxc6 40.
Nc2+ Ke2 41. h3 Rb2 42. Nd4+ Nxd4 43. Rxd4 f5 44. Rd7 Ke3 45. Rxh7 Rb1+ 46. Kh2 Kf4 47. Rg7 Kg5 48. Rc7 Rb3 49. Rc4 Rd3 50. Rb4 Kh5 51. Ra4 Re3 52. Rb4 Re2 53. Ra4 g5 54.
Ra8 f4 55. Rh8+ Kg6 56. Rf8 Rf2 57. Kg1 Re2 58. Rg8+ Kf6 59. Rf8+ Kg7 60. Rd8 Rc2 61. Rd7+ Kg6 62. Rd6+ Kf5 63. Ra6 Rd2 64. Ra5+ Kg6 65.
Kf1 Kh5 66. Kg1 Rd1+ 67. Kf2 Rd2+ 68. Kf3 Rd3+ 69. Kf2 Rc3 70. Ke2 Kh4 71. Kf2 Rc2+ 72. Kf1 Kg3 73. Ra3+ Kh2 74. h4 g4 75. Ra4 g3 76. Rxf4 Rxg2 77. Rg4 Rg1+ 78. Ke2 g2 79. h5 Rh1 80. Rh4+ Kg3 81. Re4 0-1

[Event "*** SCC Grand Prix: Titled Tuesday Blitz"]
[Site "Chess.com"]
[Date "2020.06.23"]
[Round "3"]
[White "GelmanAlexander"]
[Black "Infernal_XaM"]
[Result "0-1"]
[WhiteElo "2552"]
[BlackElo "2809"]
[TimeControl "180+1"]
[EndTime "10:30:38 PDT"]
[Termination "Infernal_XaM won by resignation"]

1. c4 Nf6 2. Nf3 g6 3. e3 Bg7 4. Be2 O-O 5. O-O d5 6. cxd5 Nxd5 7. d3 c5 8. a3 Nc6 9. Nbd2 b6 10. Qc2 Bb7 11. Ne4 Rc8 12. Bd2 h6 13. Rac1 e6 14. Qb1 Qe7 15. Rfd1 a5 16. Qc2 g5 17. h3 f5 18. Ng3 Qf7 19. Rf1 Rb8 20. Qb3 Ba8 21.
Qc2 Kh8 22. Qb3 Qg6 23. Qc2 h5 24. h4 f4 25. Ne4 g4 26. Nfg5 Nce7 27. exf4 Nxf4 28.
Bxf4 Rxf4 29. g3 Rff8 30. f3 gxf3 31. Rxf3 Nf5 32. Rcf1 Nd4 33. Rxf8+ Rxf8 34. Rxf8+ Bxf8 35. Qd1 Nxe2+ 36. Qxe2 Bg7 37. Kh2 Bd5 38. Nc3 Bb3 39. Qf3 Bxc3 40. bxc3 Kg7 41. Qb7+ Kh6 42. Nf7+ Kh7 43.
Ne5+ Qg7 44. Qxb6 Qxe5 45. Qxb3 Qe2+ 46. Kh3 Qf1+ 47. Kh2 Qf2+ 48. Kh3 Qf5+ 49. Kh2 Qxd3 50. Qxe6 Qd2+ 51. Kh3 Qxc3 52. Qf7+ Kh6 53. Qf8+ Kg6 54. Qg8+ Kf5 55. Qg5+ Ke4 56. Qxh5 Qe5 57. Qe2+ Kd5 58. Qd2+ Ke6 59. g4 c4 60. h5 c3 61. Qd3 Qf6 62. Kg3 Qe5+ 63. Kh3 Qc5 64. Qc2 Qe3+ 65.
Kh4 Qd2 66. Qf5+ Kd6 67. h6 Qxh6+ 68. Kg3 Qe3+ 69. Kh4 Qe1+ 70. Kh5 Qh1+ 71. Kg6 Qc6 72. g5 c2 73. Kh7 c1=Q 74. g6 Q1h1+ 75. Kg8 Qe8+ 76.
Qf8+ Qxf8+ 77. Kxf8 Qf3+ 78. Kg7 Qf5 79. Kh7 Qh5+ 0-1

[Event "*** SCC Grand Prix: Titled Tuesday Blitz"]
[Site "Chess.com"]
[Date "2020.06.23"]
[Round "3"]
[White "albano87"]
[Black "Valuebet2000"]
[Result "1-0"]
[WhiteElo "2354"]
[BlackElo "2519"]
[TimeControl "180+1"]
[EndTime "10:30:52 PDT"]
[Termination "albano87 won on time"]

1. d4 Nf6 2. Nf3 d5 3. g3 e6 4. Bg2 Be7 5. O-O O-O 6. c4 dxc4 7. Qc2 a6 8. a4 Bd7 9. Rd1 Bc6 10. Nc3 Bxf3 11.
Bxf3 c6 12. a5 Nd5 13. Qa4 Nb4 14. Bd2 Nd7 15. Ne4 Nd5 16. Qxc4 e5 17. Bc3 exd4 18. Bxd4 Qc7 19. Rac1 Rac8 20. Nc3 Nxc3 21. Qxc3 Bf6 22. Bg4 Rcd8 23. Bxd7 Qxd7 24. Bxf6 Qxd1+ 25. Rxd1 Rxd1+ 26. Kg2 gxf6 27. Qxf6 Rd5 28. h4 Re8 29. e3 Rxa5 30. g4 Rd5 31. h5 Re6 32. Qf4 h6 33. Qb8+ Kg7 34. Qxb7 Rb5 35. Qxa6 Kg8 36. Qa3 Kg7 37. Qc3+ Kg8 38. Kg3 Rbe5 39. Qd4 Rd5 40. Qf4 Rde5 41.
Qc4 Rd5 42. e4 Rde5 43. f3 Rb5 44. b4 Rbe5 45. Qd4 Kh7 46. Kf2 Rb5 47. f4 Kg8 48. f5 Ree5 49. Kf3 Re8 50. Qd6 Kg7 51. Qxc6 Reb8 52. Qd6 R8b6 53. Qd4+ Kh7 54. Kf4 Rxb4 55.
Qd7 Rb7 56. Qe8 Kg7 57. g5 hxg5+ 58. Kxg5 R4b5 59. h6+ Kh7 60. Qf8 f6+ 61. Qxf6 R5b6 62. Qf8 Rc6 63. e5 Rc1 64. e6 Rg1+ 65. Kf6 Rg8 66.
Qd6 Rgb8 67. e7 Rb6 68. Ke6 Rxd6+ 69. Kxd6 Kxh6 70. f6 Kg6 71. Ke6 Rb6+ 72. Kd7 Kxf6 73. e8=Q Rb7+ 74. Kc6 Rf7 75. Qe4 Kg5 76. Qg2+ Kf6 77. Kd6 1-0

[Event "*** SCC Grand Prix: Titled Tuesday Blitz"]
[Site "Chess.com"]
[Date "2020.06.23"]
[Round "3"]
[White "Manukyan_Artak"]
[Black "KingChess345"]
[Result "0-1"]
[WhiteElo "2336"]
[BlackElo "2184"]
[TimeControl "180+1"]
[EndTime "10:30:52 PDT"]
[Termination "KingChess345 won by resignation"]

1. e4 c5 2. Nf3 Nc6 3. c3 d5 4.
exd5 Qxd5 5. d4 Bg4 6. Be2 cxd4 7.
cxd4 e6 8. h3 Bh5 9. Nc3 Qd6 10.
Nb5 Qd8 11. Bf4 Rc8 12. O-O a6 13. Nc3 Nf6 14. Qb3 b5 15. Rad1 Bxf3 16. Bxf3 Nxd4 17. Rxd4 Qxd4 18. Ne2 Qc4 19. Qe3 Bc5 20. Qe5 O-O 21. Rc1 Nd7 22. Qg5 Qd3 23. Ng3 Qg6 24. Qh4 e5 25. Be4 f5 26. Bd5+ Kh8 27. Bg5 f4 28.
Ne4 Bxf2+ 29. Qxf2 Rxc1+ 30. Kh2 Rd1 31. Nc3 Rd4 32.
Be7 Re8 33. Qh4 Nf6 34. Bxf6 Qxf6 35. Qh5 g6 36. Qh6 Rd8 37. Bf3 Rd2 38. Ne4 Qg7 39. Qh4 R2d7 40. Nf6 Re7 41. Be4 Rf8 42. Ng4 Ref7 43.
Nh6 g5 44. Nxf7+ Rxf7 45. Qg4 Rf8 46. Qe6 Qf7 47. Qxe5+ Qf6 48. Qc7 Qf7 49. Qe5+ Qf6 50. Qc7 Rf7 51. Qc8+ Kg7 52. Bf3 Qe5 53. Qg4 h6 54. h4 Qf6 55. hxg5 Qxg5 56. Qe6 Qg3+ 57.
Kg1 Rf6 58. Qe7+ Rf7 59. Qe5+ Kf8 60. Qd6+ Re7 61. Qf6+ Ke8 62. Bh5+ Kd7 63. Qd4+ Ke6 64. Qe4+ Kf6 65. Qc6+ Re6 66. Qc3+ Qxc3 67. bxc3 Kg5 68. Bf3 Re1+ 69. Kf2 Ra1 70. Bd5 Rb1 71. c4 Rb2+ 72. Kf3 b4 73. c5 Rc2 74. c6 a5 75. Ke4 a4 76. Kd4 b3 77. axb3 axb3 78. Bxb3 Rxc6 79.
Bd5 Rb6 80. Bf3 Rb2 81. Ke4 h5 82. g3 fxg3 0-1

[Event "*** SCC Grand Prix: Titled Tuesday Blitz"]
[Site "Chess.com"]
[Date "2020.06.23"]
[Round "3"]
[White "Chuchofrio1"]
[Black "Mourinho_Jose"]
[Result "0-1"]
[WhiteElo "2223"]
[BlackElo "2490"]
[TimeControl "180+1"]
[EndTime "10:30:55 PDT"]
[Termination "Mourinho_Jose won by resignation"]

1. d4 d5 2. c4 e6 3. Nc3 Be7 4. Nf3 Nf6 5. Bg5 O-O 6. e3 h6 7.
Bh4 Ne4 8. Bxe7 Qxe7 9. Rc1 c6 10.
Bd3 Nxc3 11. Rxc3 dxc4 12. Bxc4 Nd7 13. O-O b6 14. Qe2 c5 15. Rd1 Bb7 16. Ba6 Bxa6 17.
Qxa6 cxd4 18. Nxd4 Nc5 19. Qe2 a5 20. Rdc1 Qb7 21.
Qb5 Rab8 22. Nb3 Nxb3 23. Qxb3 b5 24. Rc7 Qe4 25. Qc2 Qd5 26. b3 Rfd8 27. h3 b4 28.
Rc5 Qa8 29. Rd1 Rxd1+ 30. Qxd1 Rd8 31. Qc2 Qa6 32. Rc7 Qd6 33. Rc5 Qd1+ 34. Qxd1 Rxd1+ 35. Kh2 Rd2 36. Rxa5 Rxf2 37. Ra4 Kh7 38. Rxb4 Rxa2 39.
Rb7 Kg6 40. Kg3 e5 41. b4 f6 42. b5 h5 43. b6 Rb2 44. Rb8 Kf5 45. h4 Rb3 46. Kf3 e4+ 47. Kf2 Kg4 48. Re8 Rb2+ 49. Kf1 Rxb6 50. Rxe4+ Kg3 51. Re7 Rb1+ 52. Ke2 Rb2+ 53.
Kd3 g5 54. hxg5 fxg5 55. Rg7 g4 56. e4 Rxg2 57. e5 h4 58. e6 Rg1 59. Kd2 Ra1 60.
e7 Ra8 61. Rf7 Re8 62. Ke3 Kh2 63. Rh7 h3 64. Kf4 g3 65. Rg7 g2 66. Kf5 g1=Q 67. Rxg1 Kxg1 68. Kf6 h2 69. Kf7 Rxe7+ 70. Kxe7 h1=Q 71.
Kd6 Qf3 72. Ke5 Qf2 73. Ke4 Kg2 74. Kd3 Qf3+ 75. Kd2 Qe4 76. Kc3 Qd5 77. Kc2 0-1

[Event "*** SCC Grand Prix: Titled Tuesday Blitz"]
[Site "Chess.com"]
[Date "2020.06.23"]
[Round "3"]
[White "RaunakSadhwani2005"]
[Black "Evgeny_Ermakov1965"]
[Result "1-0"]
[WhiteElo "2895"]
[BlackElo "2656"]
[TimeControl "180+1"]
[EndTime "10:31:02 PDT"]
[Termination "RaunakSadhwani2005 won on time"]

1. c4 e5 2. Nc3 Bb4 3. Nd5 Nc6 4.
Nf3 e4 5. Nxb4 Nxb4 6. Nd4 Nf6 7. g3 c5 8. Nc2 Nxc2+ 9. Qxc2 O-O 10. Bg2 d5 11.
cxd5 Qxd5 12. b3 Bf5 13. Qc4 Qxc4 14. bxc4 Rfe8 15. Bb2 Rad8 16. Rc1 a6 17. h3 h5 18.
a4 Re6 19. a5 Red6 20. Bc3 Ne8 21. g4 Bh7 22. f3 exf3 23. Bxf3 Nc7 24. gxh5 Ne6 25.
Bxb7 Nf4 26. Bf3 Re8 27. Kf2 Bf5 28. h4 Rde6 29. Rce1 Be4 30. Rh2 Bxf3 31. Kxf3 Nxh5 32. Rg1 f6 33. e3 Re4 34. Rb1 Rxc4 35. Rb6 Ra8 36. Rb7 f5 37. Rh1 Rg4 38. Rc7 Rg3+ 39. Kf2 Re8 40. Rxc5 Rf8 41. Rg1 Rxg1 42. Kxg1 Ng3 43.
Rc7 Rf7 44. Rc6 f4 45. exf4 Ne2+ 46. Kf2 Nxc3 47. dxc3 Rxf4+ 48. Ke3 Rxh4 49. Rxa6 Rh3+ 50. Kd2 Rh2+ 51. Kd3 g5 52. Rg6+ Kf7 53. Rxg5 Ke6 54. Rc5 Rh1 55. Kc4 Kd6 56. Rc8 Kd7 57. Rc5 Kd6 58. Rg5 Ra1 59. Kb5 Rb1+ 60. Ka6 Kc6 61. Rg6+ Kc7 62. Rg7+ Kc6 63. Ka7 Ra1 64. a6 Ra3 65.
Rg6+ Kc7 66. Rg3 Rb3 67. Rh3 Ra3 68. Rh7+ Kc6 69. Rh6+ Kc7 70. Rh7+ Kc6 71. Kb8 1-0

[Event "*** SCC Grand Prix: Titled Tuesday Blitz"]
[Site "Chess.com"]
[Date "2020.06.23"]
[Round "3"]
[White "Iljushin_Alexey"]
[Black "viditchess"]
[Result "0-1"]
[WhiteElo "2712"]
[BlackElo "3024"]
[TimeControl "180+1"]
[EndTime "10:31:03 PDT"]
[Termination "viditchess won by resignation"]

1. d4 Nf6 2. c4 e6 3. Nc3 Bb4 4.
e3 O-O 5. Ne2 d5 6. cxd5 exd5 7. g3 Re8 8. Bg2 c6 9. O-O Bd6 10. f3 c5 11. dxc5 Bxc5 12. Nd4 Nc6 13. Nce2 h5 14. Nxc6 bxc6 15. Nd4 Qb6 16. Rf2 Bd6 17.
b3 c5 18. Nc2 Bb7 19. Bb2 Be5 20. Bxe5 Rxe5 21. Qd2 Rae8 22. Rc1 a5 23. h4 Bc8 24. Kh2 Bf5 25. Bf1 R5e7 26. Bd3 Bxd3 27. Qxd3 Re5 28. Kg2 Qb7 29. Kh2 Nd7 30. Qd2 Qa8 31. Re1 Nb6 32. Qc3 Nd7 33. Qd2 Nf6 34. Kg1 R5e7 35.
Qc3 Qa7 36. Rd1 Qb6 37. Qd2 Re5 38. Qc3 R5e6 39. Qd2 Ra8 40. Qc3 a4 41. b4 cxb4 42.
Qxb4 Qc7 43. Qf4 Qc5 44. Nd4 Ree8 45. Nf5 Re6 46. Kg2 a3 47. Qg5 g6 48. Nd4 Rb6 49.
Rc2 Qe7 50. Rdd2 Re8 51. Re2 Kh7 52. Nc6 Qd6 53. Nd4 Re5 54. Qf4 Kg7 55. Nb3 Nd7 56. Qd4 Qf6 57. Nc5 Nxc5 58. Rxc5 Re7 59. Rxd5 Rb2 60.
Kf2 Qxd4 61. Rxd4 Reb7 62. Rdd2 Kf6 63. Ke1 Ke5 64. Rc2 Rb1+ 65. Kd2 Rd7+ 66. Kc3 Rg1 67. Rg2 Re1 68. Rce2 Rc1+ 69. Kb3 Rd3+ 70. Kb4 Rc8 71. e4 Kd4 72. Rd2 Rb8+ 73. Ka4 Rxd2 74. Rxd2+ Ke3 75.
Rd8 Rxd8 76. Kxa3 Kxf3 77. Kb4 Kxe4 0-1

[Event "*** SCC Grand Prix: Titled Tuesday Blitz"]
[Site "Chess.com"]
[Date "2020.06.23"]
[Round "3"]
[White "Arman_Hakemi"]
[Black "Radzio1987"]
[Result "0-1"]
[WhiteElo "2570"]
[BlackElo "2858"]
[TimeControl "180+1"]
[EndTime "10:31:06 PDT"]
[Termination "Radzio1987 won by resignation"]

1. b4 d5 2. Bb2 Bg4 3. Qc1 e6 4.
b5 Nd7 5. e3 Ngf6 6. Be2 Bxe2 7. Nxe2 a6 8. a4 Bd6 9. d4 O-O 10. Nd2 c6 11. c4 axb5 12. axb5 cxb5 13. cxb5 Qb6 14. Nc3 Rac8 15. O-O Bb4 16. Qc2 Qxb5 17. Qb3 Qb6 18. Na4 Qd6 19. Nf3 Ne4 20. Ne5 Nd2 21. Qd3 Nxf1 22. Nxd7 Qxd7 23. Nb6 Qc7 24. Nxc8 Qxh2+ 25.
Kxf1 Rxc8 26. Qb3 Bf8 27. g3 h5 28. Ke2 h4 29. gxh4 Qxh4 30. Rg1 b5 31. Rg3 b4 32. Qd3 Bd6 33. Rg1 Qh5+ 34. Kd2 Qf3 35. Rf1 Qf5 36. Qxf5 exf5 37. Ra1 Be7 38. Ra5 Rd8 39. Rb5 g5 40.
Kd3 g4 41. Bc1 Kg7 42. Bd2 Kg6 43. Bxb4 Bxb4 44. Rxb4 Ra8 45. Ke2 Ra2+ 46. Kf1 f4 47. exf4 Kf5 48. Rb5 Ke4 49. f5 f6 50. Kg2 Kxd4 51. Rb4+ Ke5 52. Rxg4 Kxf5 53. Rb4 Ke5 54. Rb8 d4 55. Kf3 Kd5 56. Rd8+ Kc4 57. Rd6 f5 58. Rf6 Ra5 59. Kf4 d3 60. Rc6+ Kb3 61. Rd6 Kc2 62. Ke3 Re5+ 63. Kf4 Re2 64. Kxf5 Rxf2+ 65. Ke4 d2 66. Ke3 Rh2 67. Rc6+ Kd1 68. Ra6 Rh3+ 69. Kf2 Rh8 70. Rc6 Rf8+ 71. Kg3 Rf5 72. Kg4 Rf8 73.
Kg3 Rf1 74. Kg2 Rf5 75. Kg3 Ke2 76. Re6+ Kd3 77. Rd6+ Ke3 78. Re6+ Kd4 79. Rd6+ Rd5 0-1

[Event "*** SCC Grand Prix: Titled Tuesday Blitz"]
[Site "Chess.com"]
[Date "2020.06.23"]
[Round "3"]
[White "picturesquecheck"]
[Black "icychess54"]
[Result "1/2-1/2"]
[WhiteElo "2084"]
[BlackElo "2314"]
[TimeControl "180+1"]
[EndTime "10:31:06 PDT"]
[Termination "Game drawn by repetition"]

1. e4 c5 2. Nf3 d6 3. d4 cxd4 4. Nxd4 Nf6 5. Nc3 Nc6 6. Bg5 e6 7. Qd2 h6 8. Bxf6 gxf6 9. O-O-O a6 10. f4 h5 11. Kb1 Qc7 12. g3 Bd7 13. Bh3 O-O-O 14.
Rhe1 h4 15. Bg2 hxg3 16. hxg3 Rh2 17. Nf3 Rh8 18. Qf2 Be7 19. f5 Na5 20. Bf1 Nc4 21.
Bxc4 Qxc4 22. Qd4 Qxd4 23. Nxd4 Rh3 24. Nde2 Bc6 25. fxe6 fxe6 26. Nf4 Rxg3 27. Nxe6 Rh8 28. Nd4 Rh2 29. Nf5 Rgg2 30. Nxe7+ Kd7 31. Nf5 Rxc2 32.
Rxd6+ Kc7 33. Rc1 Rxb2+ 34. Ka1 Rbf2 35. Rxf6 Kb8 36. Rh6 Rhg2 37. Ne3 Rg3 38. Ned5 Rgg2 39. Rhh1 Bb5 40. Rhg1 Rh2 41. Rh1 Rhg2 42. Rcg1 Bd3 43.
Rxg2 Rxg2 44. Rd1 Bc2 45. Rc1 b5 46. Nf4 Rf2 47. Nh3 Rh2 48. e5 b4 49. Nd5 Be4 50. Nhf4 Rd2 51. Nxb4 a5 52. Nc6+ Kb7 53. Ne7 Ka6 54. e6 Rf2 55. Nfd5 Re2 56. Nc3 Re3 57.
Nxe4 Rxe4 58. Nc6 Rxe6 59. Nb8+ Kb7 60. Nd7 Rh6 61. Nc5+ Kb6 62. Nb3 Ka6 63. Rb1 a4 64. Nc1 Ka5 65. Nd3 a3 66. Nb4 Ka4 67. Nc2 Rh2 68.
Nxa3 Rh3 69. Rb3 Rh2 70. Nc4 Rh1+ 71. Rb1 Rh4 72. Nb2+ Ka3 73. Nd1 Ka4 74. Rb3 Ka5 75. Rb1 Rh1 76. Nb2 Rh4 77. a3 Rh3 78. Ka2 Rh2 79. Rc1 Rh3 80. Rc4 Rh2 81. Ra4+ Kb5 82. Rb4+ Ka5 83. Rb3 Ka6 84. a4 Ka5 85. Ka3 Rh4 86. Rc3 Rg4 87. Nc4+ Ka6 88. a5 Rg5 89. Kb4 Rb5+ 90. Ka4 Rh5 91. Rb3 Rh1 92. Rb6+ Ka7 93. Kb5 Rb1+ 94. Kc5 Rc1 95. Rb5 Rd1 96. Rb6 Rc1 97.
Rc6 Ra1 98. Rb6 Rc1 1/2-1/2

[Event "*** SCC Grand Prix: Titled Tuesday Blitz"]
[Site "Chess.com"]
[Date "2020.06.23"]
[Round "3"]
[White "boasovietica"]
[Black "esrosenberg"]
[Result "0-1"]
[WhiteElo "2460"]
[BlackElo "2139"]
[TimeControl "180+1"]
[EndTime "10:31:25 PDT"]
[Termination "esrosenberg won on time"]

1. e4 e5 2. Nf3 Nc6 3. Bb5 a6 4. Ba4 Nf6 5. O-O Be7 6. d3 b5 7. Bb3 O-O 8. Nc3 d6 9. a3 Bg4 10. Be3 Nd4 11. Bxd4 exd4 12. Nd5 c6 13. Nxe7+ Qxe7 14. h3 Bxf3 15. Qxf3 Nd7 16. Qg3 Kh8 17. f4 Rg8 18. Qg5 Rae8 19. Rae1 Nc5 20. Ba2 h6 21. Qh5 Ref8 22. e5 d5 23. h4 Kh7 24. f5 g6 25.
fxg6+ fxg6 26. Qg4 Rxf1+ 27. Kxf1 Rf8+ 28. Kg1 Ne6 29. c3 Rf4 30. Qg3 dxc3 31. bxc3 Qxh4 32. Qxh4 Rxh4 33.
d4 Rf4 34. Bb1 Kg7 35. Re3 h5 36. Rg3 g5 37. Re3 g4 38. g3 Rf8 39. Kg2 Ng5 40. e6 Kf6 41. e7 Re8 42. Re5 Nf7 43.
Rf5+ Kxe7 44. Rxh5 Kd6 45. Rh7 Ng5 46. Rg7 Ne4 47. Rxg4 Nxc3 48. Rg6+ Kc7 49. Bd3 Re3 50.
Bf5 Ne4 51. g4 Rxa3 52. Rg7+ Kb6 53. Kh2 b4 54. g5 b3 55. Rg8 Ka5 56. g6 b2 57. Rb8 Ra2 58. Kh3 Nc3 59. g7 Ra1 60.
Rxb2 Rh1+ 61. Kg3 Rg1+ 62. Rg2 Ne2+ 63. Kh2 Rxg2+ 64. Kxg2 Nf4+ 65. Kf3 Nh5 66. g8=Q Nf6 67.
Qf7 Ne4 68. Qc7+ Kb5 69. Qb7+ Ka5 70. Qxc6 Nd2+ 71. Ke2 Nc4 72. Qc5+ Ka4 73. Qxd5 Nb6 74. Bd7+ Nxd7 75. Qc6+ Kb4 76. Qxd7 a5 77. d5 a4 78. d6 a3 79. Qa7 Kb3 80. d7 a2 81. d8=Q Kb2 82. Qb7+ Ka1 0-1